 Dungeon Crawl Stone Soup version 0.30.0-19-g36f170ea60 (webtiles) character file.

Game seed: 15861787349261069339

79396 GimliDwarf the Zephyrmancer (level 15, -5/82 HPs)
             Began as a Tengu Air Elementalist on May 31, 2023.
             Was the Champion of Qazlal.
             Slain by a +4 long sword (21 damage)
             ... on level 13 of the Dungeon on June 1, 2023.
             The game lasted 02:37:29 (30571 turns).

GimliDwarf the Zephyrmancer (TeAE)                 Turns: 30571, Time: 02:37:30

Health: -5/82      AC: 14    Str:  8    XL:     15   Next: 63%
Magic:  23/31      EV: 14    Int: 21    God:    Qazlal [******]
Gold:   1942       SH: 13    Dex: 17    Spells: 1/36 levels left

rFire   . . .        o - staff of conjuration
rCold   . . .        S - +0 buckler
rNeg    . . .        D - +0 troll leather armour
rPois   +            c - +2 hat
rElec   .            z - +1 cloak
rCorr   .            s - +1 pair of gloves
SInv    .            (boots unavailable)
Will    +....        w - amulet of magic regeneration
Stlth   +            A - +4 ring of slaying
HPRegen 1.13/turn    B - ring of poison resistance
MPRegen 0.62/turn

%: repel missiles
@: about to teleport, protected from physical damage, flying quickly and
evasively, quick
A: beak, talons 3, nimble flight
a: Renounce Religion, Upheaval, Elemental Force, Disaster Area


You were on level 13 of the Dungeon.
You worshipped Qazlal.
Qazlal was exalted by your worship.
You visited 4 branches of the dungeon, and saw 22 of its levels.
You also visited: Sewer and Ossuary.

You collected 1992 gold pieces.
You spent 50 gold pieces at shops.

Inventory:

Hand Weapons
 i - the +5 scythe "Finisher" {speed, execute}
   (You found it on level 9 of the Dungeon)
 y - a +3 quarterstaff of chaos
Missiles
 J - 4 curare-tipped darts
 K - 56 poisoned darts
Armour
 c - a +2 hat (worn)
 l - a +1 robe of willpower
 s - a +1 pair of gloves (worn)
 z - a +1 cloak (worn)
 D - a +0 troll leather armour (worn)
 G - an orb of energy
 L - a +2 robe of the Archmagi
 O - a +2 leather armour of poison resistance
 S - a +0 buckler (worn)
Magical Staves
 o - a staff of conjuration (weapon)
 F - a staff of poison
 P - a staff of cold
Jewellery
 w - an amulet of magic regeneration (around neck)
 A - a +4 ring of slaying (left hand)
 B - a ring of poison resistance (right hand)
 C - a ring of see invisible
 I - a ring of wizardry
 R - a ring of fire
Wands
 a - a wand of polymorph (4)
 f - a wand of charming (16)
 h - a wand of roots (18)
 r - a wand of mindburst (11)
Scrolls
 g - 3 scrolls of poison
 k - 4 scrolls of fog
 t - 4 scrolls of blinking
 u - 7 scrolls of teleportation
 H - a scroll of magic mapping
 Q - a scroll of silence
Potions
 b - 3 potions of magic
 d - a potion of resistance
 e - 5 potions of might
 j - 9 potions of curing
 m - 2 potions of haste
 n - 4 potions of heal wounds
 p - 3 potions of brilliance
 q - 2 potions of ambrosia
 v - 2 potions of berserk rage
 x - a potion of cancellation
 E - 2 potions of invisibility


   Skills:
 + Level 5.5 Fighting
 - Level 0.2 Short Blades
 + Level 6.2 Staves
 - Level 0.1 Throwing
 + Level 6.7 Armour
 - Level 3.0 Dodging
 - Level 2.0 Stealth
 - Level 3.3 Shields
 - Level 11.0 Spellcasting
 * Level 13.6 Conjurations
 - Level 3.0 Hexes
 - Level 8.0 Summonings
 * Level 8.9 Fire Magic
 + Level 4.9 Ice Magic
 - Level 13.9 Air Magic
 + Level 4.3 Poison Magic
 + Level 7.4 Evocations


You had one spell level left.
You knew the following spells:

 Your Spells              Type           Power      Damage    Failure   Level
a - Starburst             Conj/Fire      36%        6d11      19%         6
b - Static Discharge      Conj/Air       100%       2-7/arc   1%          2
c - Airstrike             Air            31%        2d(5-21)  1%          4
d - Freezing Cloud        Conj/Ice/Air   36%        6-21      4%          5
e - Call Canine Familiar  Summ           45%        N/A       1%          3
f - Summon Guardian Gole  Hex/Summ       34%        N/A       3%          3
g - Fulminant Prism       Conj/Hex       31%        3d16      4%          4
h - Flame Wave            Conj/Fire      73%        2d16      1%          4
i - Sticky Flame          Conj/Fire      73%        2d9       1%          4

Your spell library contained the following spells:

 Spells                   Type           Power      Damage    Failure   Level
 Foxfire                  Conj/Fire      100%       2x1d9     1%          1
 Freeze                   Ice            100%       1d10      1%          1
 Kiss of Death            Conj/Necr      100%       2d13      1%          1
 Magic Dart               Conj           100%       1d8       1%          1
 Shock                    Conj/Air       100%       1d9       1%          1
 Summon Small Mammal      Summ           100%       N/A       1%          1
 Sting                    Tmut/Pois      80%        1d7       5%          1
 Poisonous Vapours        Pois/Air       98%        N/A       1%          2
 Searing Ray              Conj           100%       2d8       1%          2
 Hailstorm                Conj/Ice       66%        3d14      1%          3
 Mephitic Cloud           Conj/Pois/Air  71%        N/A       1%          3
 Swiftness                Air            63%        N/A       1%          3
 Ensorcelled Hibernation  Hex/Ice        56%        N/A       3%          2
 Inner Flame              Hex/Fire       36%        N/A       3%          3
 Fireball                 Conj/Fire      36%        3d15      3%          5
 Frozen Ramparts          Ice            64%        1d10      4%          3
 Ozocubu's Armour         Ice            32%        N/A       4%          3
 Confusing Touch          Hex            24%        N/A       11%         3
 Tukima's Dance           Hex            24%        N/A       11%         3
 Silence                  Hex/Air        23%        N/A       11%         5
 Spider Form              Tmut/Pois      20%        N/A       16%         3
 Plasma Beam              Fire/Air       28%        2x1d44    17%         6
 Portal Projectile        Hex/Tloc       34%        N/A       21%         3
 Summon Mana Viper        Hex/Summ       34%        N/A       34%         5
 Leda's Liquefaction      Hex/Erth       8%         N/A       54%         4
 Animate Dead             Necr           11%        N/A       77%         4
 Dispel Undead            Necr           11%        3d9       77%         4
 Passage of Golubria      Tloc           11%        N/A       77%         4
 Yara's Violent Unravell  Hex/Tmut       8%         3d5       88%         5
 Blade Hands              Tmut           5%         N/A       98%         5
 Borgnjor's Vile Clutch   Necr/Erth      5%         N/A       98%         5
 Lee's Rapid Deconstruct  Erth           5%         3d6*      98%         5
 Death Channel            Necr           5%         N/A       100%        6
 Statue Form              Tmut/Erth      7%         N/A       100%        6
 Lehudib's Crystal Spear  Conj/Erth      28%        10d8      100%        8
 Shatter                  Erth           5%         3d8*      100%        9


Dungeon Overview and Level Annotations

Branches:
Dungeon (14/15)            Temple (1/1) D:5            Lair (5/5) D:11
 Shoals (0/4) Lair:2       Spider (0/4) Lair:2        Slime (0/5) Lair:4
    Orc (2/2) D:12            Elf (0/3) Orc:2         Sewer (visited)
Ossuary (visited)
 Vaults: D:13-14

Altars:
Ashenzari
Cheibriados
Dithmenos
Elyvilon
Fedhas
Gozag
Hepliaklqana
Kikubaaqudgha
Makhleb
Nemelex Xobeh
Okawaru
Qazlal
Ru
Sif Muna
Trog
Uskayaw
Vehumet
Wu Jian
Xom
Yredelemnul
Zin
The Shining One
Jiyva
Lugonu

Shops:
D:4 [   D:11 :   Orc:2 !=*(=

Portals:
Abyss: Lair:5

Annotations:
D:12 3 runed translucent doors, suipiss's ghost, journeyman DsRe
Lair:1 1 runed translucent door, AiryTheDragon's ghost, journeyman DsFE


Innate Abilities, Weirdness & Mutations

You have a beak for a mouth.
You have claws for feet.
Your magical nature lets you fly swiftly and evasively.


Message History

You block the +3 long sword's attack.
A polar bear comes into view.
Aiming: Airstrike (safe; 1% risk of failure)
Press: ? - help, Q - select action, (/) - cycle Dir - move target, f/p - +3 long sword
Aim: a +3 long sword (freezing vapour, heavily damaged, ally target, empty space bonus: 3/8)
The air twists around and strikes the +3 long sword!
The +3 long sword is severely damaged.
The +3 long sword is engulfed in freezing vapours.
You block the +3 long sword's attack.
The +3 long sword is engulfed in freezing vapours.
The +3 long sword hits you.
The +4 long sword is engulfed in freezing vapours.
Aiming: Airstrike (safe; 1% risk of failure)
Press: ? - help, Q - select action, (/) - cycle Dir - move target, f/p - +3 long sword
Aim: a +3 long sword (freezing vapour, almost destroyed, ally target, empty space bonus: 3/8)
The air twists around and strikes the +3 long sword.
The +3 long sword falls from the air.
Qazlal accepts your kill. The +4 long sword barely misses you.
You block the +4 long sword's attack.
Your guardian golem is engulfed in freezing vapours.
Flame seeps out of your guardian golem. The +4 long sword hits you!
You feel protected from physical attacks.
You fly upwards.
Your summoned ally is left behind.
There is a stone staircase leading down here.
The +4 long sword attacks as you move away!
The +4 long sword hits you! The +4 long sword hits you.
You feel more protected from physical attacks.
The +4 long sword attacks as you move away!
The +4 long sword hits you!!
You feel more protected from physical attacks.
The +4 long sword is engulfed in freezing vapours.
You block the +4 long sword's attack.
The +4 long sword is engulfed in freezing vapours.
As you read the scroll of teleportation, it crumbles to dust.
You feel strangely unstable. The +4 long sword hits you!!
* * * LOW HITPOINT WARNING * * *
You feel more protected from physical attacks.
The +4 long sword hits you!!
You die...

#.# #...........#####...#.....
#.# #....######.#.......#.....
#.# #....# #.#.......#.#### #.#
###....# #.#.......#.#...
#.###......# #^#.......#.'...
#........>.# #.#.......#.#...
#...######.######.#.......#.#...
#...# #.....☼..##'##'###.####
##...# #...°(@)☼..............
#....# #..°°§.○...............
#....######...○.............####.
#.................########### #.
#######......####.# #. ########
### #. #. ##


You could see a +4 long sword.

Vanquished Creatures
  Kirke (Lair:5)
  2 hydras
  A catoblepas (D:13)
  3 two-headed ogres
  An ogre mage (Orc:1)
  A boulder beetle (D:13)
  A dancing weapon (D:14)
  A thrashing horror (Lair:5)
  5 orc high priests (Orc:2)
  3 skysharks
  A skeletal warrior (D:9)
  7 orc knights (Orc:2)
  2 large abominations (Lair:5)
  2 deep elf pyromancers (D:12)
  3 manticores
  4 ugly things
  A water nymph (Lair:2)
  A black mamba (Lair:5)
  9 cane toads
  A smoke demon (Lair:5)
  An unseen horror (D:12)
  5 kobold demonologists
  4 komodo dragons
  An efreet (D:13)
  4 trolls
  2 ancient zymes (Lair:5)
  2 hornets
  2 polar bears
  A meliai (shapeshifter) (Lair:5)
  Prince Ribbit (D:8)
  27 blink frogs
  4 slime creatures (D:13)
  A spriggan (Lair:5)
  3 wraiths
  2 shadows
  A ynoxinul (Lair:5)
  4 wyverns
  A hog (Lair:5)
  3 chaos spawn (Lair:5)
  18 yaks
  5 basilisks
  3 vampire mosquitoes
  A warg (Orc:1)
  2 steam dragons
  A two-headed ogre zombie (D:12)
  2 acid dragons
  A redback (Lair:2)
  7 small abominations (Lair:5)
  11 water moccasins
  2 black bears (D:11)
  29 orc warriors
  4 sky beasts
  9 ogres
  5 ice beasts
  4 boggarts (Lair:3)
  5 centaurs
  3 phantoms
  6 wolves
  9 kobold brigands
  A gnoll sergeant (D:11)
  12 bullfrogs
  3 scorpions
  5 wights (D:8)
  A troll zombie (D:12)
  A howler monkey (D:10)
  An electric eel (Lair:4)
  24 orc priests
  2 gnoll boudas
  6 jellies
  A hound (D:5)
  Crazy Yiuf (D:3)
  A sleepcap (D:8)
  Natasha (thrice) (D:2)
  3 iguanas
  15 orc wizards
  6 ogre zombies (D:12)
  8 mummies (Ossuary)
  5 adders
  13 gnolls
  3 shadow imps
  4 white imps
  An ufetubus (D:6)
  A dart slug (D:1)
  74 orcs
  3 endoplasms
  6 giant cockroaches
  6 hobgoblins
  4 jackals (D:1)
  4 quokkas
  12 ball pythons
  5 bats
  4 frilled lizards
  A gnoll zombie (Ossuary)
  9 goblins
  3 goblin skeletons (D:12)
  3 goblin zombies (D:12)
  A hobgoblin skeleton (D:12)
  3 hobgoblin zombies
  46 kobolds
  A kobold zombie (Ossuary)
  5 orc skeletons (D:12)
  14 orc zombies
  12 rats
583 creatures vanquished.

Vanquished Creatures (collateral kills)
  A hydra (Lair:4)
  A two-headed ogre (Orc:2)
  A thrashing horror (Lair:5)
  A kobold demonologist (D:11)
  A polar bear (Lair:5)
  2 yaks
  A wyvern (D:10)
  A water moccasin (D:7)
  A wolf (Lair:2)
  A kobold brigand (D:10)
  A bullfrog (D:11)
  A small abomination (Lair:5)
  An orc priest (Orc:1)
  A jelly (Lair:4)
  An orc wizard (D:5)
  5 orcs
  3 giant cockroaches (D:6)
  A gnoll zombie (Ossuary)
  7 kobolds
  An orc zombie (Ossuary)
33 creatures vanquished.

Vanquished Creatures (others)
  A boulder beetle (D:12)
  A polar bear (Lair:3)
  2 yaks
  A human (Lair:5)
  Menkaure (D:7)
  A large abomination (Lair:5)
  An ogre (Orc:1)
  2 wolves (Lair:2)
  A kobold brigand (D:9)
  2 orc wizards (Orc:2)
  2 orcs (Orc:2)
  A kobold (D:9)
  17 fulminant prisms
33 creatures vanquished.

Grand Total: 649 creatures vanquished

Notes
Turn   | Place    | Note
-------+----------+-------------------------------------------
     0 | D:1      | GimliDwarf the Tengu Air Elementalist began the quest for
                  | the Orb.
     0 | D:1      | Reached XP level 1. HP: 10/10 MP: 4/4
   134 | D:1      | Reached XP level 2. HP: 15/15 MP: 0/6
   228 | D:1      | Found a faded altar of an unknown god.
   273 | D:1      | Learned a level 2 spell: Static Discharge
   465 | D:1      | Reached XP level 3. HP: 20/20 MP: 5/7
   570 | D:1      | Reached skill level 1 in Summonings
   924 | D:2      | Noticed Natasha
   945 | D:2      | Killed Natasha
   946 | D:2      | Reached XP level 4. HP: 9/24 MP: 2/8
  1254 | D:2      | Reached skill level 1 in Fighting
  1394 | D:2      | Noticed Natasha
  1445 | D:2      | Killed Natasha
  1805 | D:2      | Noticed Natasha
  1824 | D:2      | Killed Natasha
  1825 | D:2      | Gained mutation: Your magical nature lets you fly swiftly
                  | and evasively. [Tengu growth]
  1825 | D:2      | Reached XP level 5. HP: 16/29 MP: 2/10
  1902 | D:2      | Learned a level 4 spell: Airstrike
  2400 | D:3      | Found a runed translucent door.
  2418 | D:3      | Noticed Crazy Yiuf
  2573 | D:3      | Reached skill level 5 in Air Magic
  3166 | D:4      | Found a broken altar of Ashenzari.
  3239 | D:4      | Reached XP level 6. HP: 34/34 MP: 7/12
  3575 | D:4      | Found a sand-covered staircase.
  3741 | Ossuary  | Entered an ossuary
  3744 | Ossuary  | Learned a level 1 spell: Summon Small Mammal
  3748 | Ossuary  | Learned a level 3 spell: Call Canine Familiar
  4135 | Ossuary  | Reached skill level 1 in Evocations
  4550 | D:4      | Found Bulat's Dragon-Slaying Spoils.
  4828 | D:3      | Killed Crazy Yiuf
  4917 | D:5      | Entered Level 5 of the Dungeon
  4971 | D:5      | Reached XP level 7. HP: 12/39 MP: 2/14
  5696 | D:5      | Reached skill level 1 in Armour
  5779 | D:5      | Noticed a hornet
  5794 | D:5      | Killed a hornet
  5795 | D:5      | Reached XP level 8. HP: 19/44 MP: 0/16
  6197 | D:5      | Found a staircase to the Ecumenical Temple.
  6206 | Temple   | Entered the Ecumenical Temple
  6243 | Temple   | Learned a level 3 spell: Summon Guardian Golem
  6257 | Temple   | Became a worshipper of Qazlal Stormbringer
  6668 | D:6      | Reached skill level 5 in Spellcasting
  6721 | D:6      | Found a glowing drain.
  6733 | Sewer    | Entered a sewer
  6938 | Sewer    | Reached * piety under Qazlal
  7175 | D:6      | Reached skill level 1 in Staves
  7314 | D:6      | Identified the +0 ring mail of Theory {rN+ Int+3}
  7324 | D:6      | Reached skill level 5 in Conjurations
  7596 | D:6      | Reached skill level 1 in Hexes
  7705 | D:6      | Reached XP level 9. HP: 41/50 MP: 3/18
  8116 | D:6      | Found a glowing golden altar of the Shining One.
  8314 | D:6      | Reached ** piety under Qazlal
  8638 | D:6      | Learned a level 4 spell: Fulminant Prism
  9045 | D:7      | Noticed Menkaure
  9058 | D:7      | Killed Menkaure
  9059 | D:7      | Reached skill level 5 in Summonings
  9580 | D:7      | Reached XP level 10. HP: 56/56 MP: 13/20
 10220 | D:8      | Noticed Prince Ribbit
 10230 | D:8      | Killed Prince Ribbit
 11112 | D:8      | Reached *** piety under Qazlal
 11820 | D:9      | Noticed a skeletal warrior
 12290 | D:9      | Found the +5 scythe "Finisher" {speed, execute}
 12414 | D:9      | You are sucked into a shaft and drop 1 floor!
 12414 | D:10     | Entered Level 10 of the Dungeon
 12485 | D:10     | Reached **** piety under Qazlal
 12596 | D:10     | Found a blossoming altar of Fedhas.
 12676 | D:9      | Killed a skeletal warrior
 12677 | D:9      | Reached skill level 5 in Armour
 13091 | D:10     | Reached XP level 11. HP: 60/60 MP: 14/23
 13105 | D:10     | Reached skill level 5 in Evocations
 13354 | D:11     | Noticed a brown ugly thing
 13355 | D:11     | Reached skill level 10 in Air Magic
 13467 | D:11     | Found Ymasuh's Book Shoppe.
 13467 | D:11     | Noticed a two-headed ogre
 13472 | D:11     | Killed a two-headed ogre
 14366 | D:11     | Found a staircase to the Lair.
 14657 | D:11     | Noticed a two-headed ogre
 14792 | D:11     | Killed a two-headed ogre
 14992 | D:11     | Found a shimmering blue altar of Sif Muna.
 15026 | D:11     | Killed a brown ugly thing
 15176 | D:11     | Learned a level 4 spell: Flame Wave
 15181 | D:11     | Learned a level 4 spell: Sticky Flame
 15182 | D:12     | Noticed a manticore
 15183 | D:12     | Noticed a boulder beetle
 15527 | D:12     | Killed a manticore
 15618 | D:12     | Reached skill level 1 in Fire Magic
 16094 | D:12     | Found a staircase to the Orcish Mines.
 16330 | D:12     | Noticed a sixfirhy
 16332 | D:12     | Reached XP level 12. HP: 37/66 MP: 8/25
 16493 | D:12     | Found a runed translucent gate.
 16493 | D:12     | Found a runed translucent gate.
 16493 | D:12     | Found a runed translucent gate.
 16493 | D:12     | Noticed a 12-headed hydra
 16493 | D:12     | Noticed suipiss's ghost (journeyman DsRe)
 16494 | D:12     | Noticed a ten-headed hydra
 16986 | D:12     | Reached ***** piety under Qazlal
 17942 | D:12     | Killed a boulder beetle
 18105 | Orc:1    | Entered Level 1 of the Orcish Mines
 18278 | Orc:1    | Noticed an ogre mage
 18358 | Lair:1   | Entered Level 1 of the Lair of Beasts
 19028 | Lair:1   | Found a runed translucent door.
 19029 | Lair:1   | Noticed AiryTheDragon's ghost (journeyman DsFE)
 20387 | Lair:2   | Reached skill level 5 in Fighting
 20585 | Lair:2   | Noticed a skyshark
 20605 | Lair:2   | Killed a skyshark
 20606 | Lair:2   | Reached skill level 5 in Staves
 20606 | Lair:2   | Reached skill level 1 in Shields
 21304 | Lair:2   | Found a hole to the Spider Nest.
 21462 | Lair:2   | Reached XP level 13. HP: 72/72 MP: 11/27
 21468 | Lair:2   | Learned a level 5 spell: Freezing Cloud
 21539 | Lair:2   | Found a staircase to the Shoals.
 22717 | Lair:3   | Reached skill level 10 in Spellcasting
 22893 | Lair:2   | Reached skill level 1 in Poison Magic
 22933 | Lair:3   | Got the Codex of Reformed Metal
 23877 | Lair:4   | Reached skill level 1 in Ice Magic
 24254 | Lair:4   | Found a viscous altar of Jiyva.
 24299 | Lair:4   | Found a staircase to the Slime Pits.
 24331 | Lair:4   | Reached skill level 10 in Conjurations
 24511 | Lair:4   | Got the Compilation of Ice and Glamour
 25177 | Lair:5   | Entered Level 5 of the Lair of Beasts
 25257 | Lair:5   | Identified the +4 chain mail "Fanook" {Will++ Int+4}
 25296 | Lair:5   | Reached skill level 5 in Fire Magic
 25478 | Lair:5   | Noticed Kirke
 25494 | Lair:5   | Killed Kirke
 26392 | Lair:5   | Found a one-way gate to the infinite horrors of the Abyss.
 26392 | Lair:5   | Found a corrupted altar of Lugonu.
 26699 | Lair:5   | Reached XP level 14. HP: 78/78 MP: 10/30
 26735 | Lair:4   | Learned a level 6 spell: Starburst
 26885 | Lair:5   | Reached ****** piety under Qazlal
 27201 | Lair:5   | Reached XP level 15. HP: 82/82 MP: 31/31
 27816 | Orc:2    | Entered Level 2 of the Orcish Mines
 27979 | Orc:2    | Found Laczeud's Distillery.
 27987 | Orc:2    | Bought a potion of heal wounds for 50 gold pieces
 27990 | Orc:2    | Found a staircase to the Elven Halls.
 29129 | Orc:2    | Found Cyusyut's Jewellery Shop.
 29132 | Orc:2    | Found Buyt's Antique Weapon Shop.
 29133 | Orc:2    | Found Vinao's Jewellery Shop.
 29134 | Orc:2    | Found Quohuxue's General Store.
 30571 | D:13     | Slain by a +4 long sword

Illustrated notes

Levels and vault maps discovered:
D:1:      psy_arrival_basics, layout_rooms, shapermc_ecumenical_altar_acropolis
D:2:      layout_basic, uniq_natasha
D:3:      layout_loops_ring, uniq_crazy_yiuf_cottage
D:4:      layout_loops_ring, ashenzari_conservatory_becter,
          nicolae_ossuary_entry_false_entrances, serial_forest,
          infiniplex_forest_lined_4_way, infiniplex_forest_lined_room_,
          infiniplex_forest_clump_tiny, infiniplex_forest_straight_2,
          infiniplex_forest_clump_diagonal, infiniplex_forest_straight_4,
          infiniplex_forest_lined_2, nicolae_shop_dragon_depot,
          kennysheep_path_1
D:5:      layout_layer_cave, minmay_temple_entry_arrows
D:6:      minmay_octagon_keep, layout_cave_pools, mainiacjoe_overflow_alcove_1,
          portal_sewer_entry_f
D:7:      layout_gridville, uniq_menkaure
D:8:      layout_gridville, kennysheep_donut, minmay_misc_feat_nine_boxes,
          uniq_prince_ribbit1
D:9:      layout_roguey, minmay_guarded_unrand_finisher
D:10:     layout_cross, mainiacjoe_overflow_catwalk, dk_rats_in_the_wall
D:11:     layout_long_grid, due_lair_maze_entry_diamond, serial_shops,
          nicolae_shop_hallway_stairs, chequers_serial_rivers_micro_b,
          nicolae_sif_muna_little_library
D:12:     layout_long_grid, zombieorc2_lemuel, gammafunk_ghost_hydra_chop
D:13:     layout_irregular_city
D:14:     layout_stronghold, erik_vaults_1, serial_shops, shop,
          infiniplex_staircase_pillars_3b, minmay_misc_feat_doors
Temple:   hellmonk_temple_of_storms
Lair:1:   layout_layer_cave, ebering_ghost_reflecting_pool, grunt_megastairs_2
Lair:2:   layout_cave_shapes, nicolae_shoals_entry_flooding,
          spider_nest_entry_rubble
Lair:3:   layout_long_grid, kilobyte_rumbling_trees,
          infiniplex_staircase_pool_2, grunt_megastairs_1, serial_bayou_shore_a
Lair:4:   layout_layer_cave, nicolae_slime_entry_field_trip,
          chequers_serial_rivers_micro_a, nicolae_quartered_pool_little
Lair:5:   hellmonk_lair_end_abyssal_woods, layout_regular_city,
          columned_hall_lemuel, lemuel_fruit_tree, uniq_kirke
Orc:1:    layout_diamond_mine, mines4_lemuel
Orc:2:    st_orc_pillars, layout_diamond_mine, serial_shops,
          nicolae_shop_advertising_works [nicolae_subvault_shop_adworks],
          nicolae_orc_lava_room

Skill      XL: |  1  2  3  4  5  6  7  8  9 10 11 12 13 14 15 |
---------------+----------------------------------------------+-----
Summonings     | 1 2 3 5 6 7 8 |  8.0
Conjurations   | 2 3 4 5 6 8 9 10 11 13 | 13.6
Fighting       | 1 2 3 4 5 |  5.5
Dodging        | 3 |  3.0
Spellcasting   | 3 4 5 6 7 8 9 11 | 11.0
Air Magic      | 5 6 7 8 9 11 12 13 | 13.9
Evocations     | 1 2 3 4 5 6 7 |  7.4
Armour         | 1 2 3 5 6 |  6.7
Staves         | 1 3 4 5 6 |  6.2
Hexes          | 1 2 3 |  3.0
Fire Magic     | 1 3 5 7 8 |  8.9
Shields        | 1 3 |  3.3
Poison Magic   | 3 4 |  4.3
Ice Magic      | 2 3 4 |  4.9
Short Blades   | |  0.2
Throwing       | |  0.1
Stealth        | |  2.0

Action                     |  1- 3 |  4- 6 |  7- 9 | 10-12 | 13-15 || total
---------------------------+-------+-------+-------+-------+-------++-------
  Melee: Dagger            |    12 |    23 |       |       |       ||    35
         Kick              |     2 |     5 |    29 |    33 |    43 ||   112
         Punch             |     1 |     1 |       |     2 |     2 ||     6
         Peck              |     1 |     3 |    11 |    17 |    22 ||    54
         Staff             |       |     3 |    58 |    83 |   126 ||   270
  Throw: Dart              |       |       |       |     6 |    11 ||    17
   Cast: Shock             |    44 |   150 |   118 |   158 |     7 ||   477
         Summon Small Mamm |       |     5 |    17 |     4 |       ||    26
         Airstrike         |       |     1 |    43 |   187 |   256 ||   487
         Call Canine Famil |       |       |    10 |    22 |    18 ||    50
         Static Discharge  |       |       |     2 |    18 |     6 ||    26
         Summon Guardian G |       |       |     3 |    30 |    23 ||    56
         Sticky Flame      |       |       |       |     5 |     2 ||     7
         Flame Wave        |       |       |       |     3 |     3 ||     6
         Fulminant Prism   |       |       |       |     6 |    11 ||    17
         Freezing Cloud    |       |       |       |       |    48 ||    48
  Evoke: Wand              |       |       |       |     5 |     2 ||     7
    Use: Scroll            |       |    11 |     6 |    13 |     7 ||    37
         Potion            |       |       |       |     3 |     5 ||     8
   Stab: Distracted        |       |       |     1 |       |       ||     1
 Armour: Robe              |     3 |     8 |    31 |    45 |       ||    87
         Leather armour    |       |       |       |       |    47 ||    47
         Troll leather arm |       |       |       |       |     9 ||     9
  Dodge: Dodged            |     4 |    40 |    71 |   151 |   122 ||   388
         Repelled          |       |       |       |     5 |       ||     5
  Block: Other             |       |       |     2 |    49 |    46 ||    97
         Orb               |       |       |       |     8 |       ||     8
         Buckler           |       |       |       |       |    43 ||    43
